 Dungeon Crawl Stone Soup version 0.18-a0-1311-g779ca93 (webtiles) character file.

156 TheOrbIsALie the Conjurer (level 5, 35/35 HPs)
             Began as a Demonspawn Wizard on Feb 13, 2016.
             Quit the game on level 3 of the Dungeon.
             The game lasted 00:05:40 (2523 turns).

TheOrbIsALie the Conjurer (Demonspawn Wizard)       Turns: 2523, Time: 00:05:40

Health: 35/35      AC:  8    Str:  4 (7)  XL:     5   Next: 14%
Magic:  6/10       EV: 16    Int: 19 (21) God:
Gold:   81         SH:  0    Dex:  8 (10) Spells: 4 memorised, 2 levels left

rFire  . . .     SeeInvis .     j - +1 spear (pierce)
rCold  . . .     Gourm    +     a - +0 robe
rNeg   . . .     Faith    .     (no shield)
rPois  .         Spirit   +     b - +0 hat
rElec  .         Dismiss  .     l - +0 cloak
rCorr  .         Reflect  .     (no gloves)
SustAt .         Harm     .     i - +0 pair of boots
MR     .....                    o - amulet of the gourmand
Stlth  ++........               t - +4 ring of evasion
                                q - ring of flight

@: not resistant to hostile enchantments, unstealthy
A: antennae 1, rough black scales 1, magic shield, sturdy frame 1
a: Evoke Flight


You were on level 3 of the Dungeon.
You were not hungry.

You visited 1 branch of the dungeon, and saw 3 of its levels.

You collected 81 gold pieces.

Inventory:

Hand Weapons
 j - a +1 spear of piercing (weapon)
Armour
 a - a +0 robe (worn)
 b - a +0 hat (worn)
 i - a +0 pair of boots (worn)
 l - a +0 cloak (worn)
Jewellery
 o - an amulet of the gourmand (around neck)
 q - a ring of flight (left hand)
 t - a +4 ring of evasion (right hand)
Scrolls
 e - 3 scrolls of immolation {unknown}
 f - a scroll of recharging {unknown}
 g - a scroll of identify {unknown}
 k - a scroll of enchant weapon {unknown}
 m - a scroll of blinking {unknown}
 n - a scroll of fear {unknown}
 s - a scroll of remove curse
Potions
 p - a potion of degeneration
Books
 c - a book of Minor Magic

   Spells                             Type                      Level
   a - Magic Dart                     Conjuration                  1
   b - Blink                          Translocation                2
   c - Call Imp                       Summoning                    2
   d - Repel Missiles                 Charms/Air                   2
   e - Slow                           Hexes                        2
   f - Conjure Flame                  Conjuration/Fire             3
   g - Mephitic Cloud                 Conjuration/Poison/Air       3
Comestibles
 d - 2 bread rations
 h - a meat ration


   Skills:
 - Level 2.0 Dodging
 - Level 2.0 Stealth
 - Level 3.7 Spellcasting
 + Level 4.2 Conjurations
   Level 1.0 Summonings
 - Level 0.8 Translocations


You had 2 spell levels left.
You knew the following spells:

 Your Spells              Type           Power        Failure   Level  Hunger
a - Magic Dart            Conj           ###.         2%          1    None
b - Conjure Flame         Conj/Fire      ##......     17%         3    ###....
c - Mephitic Cloud        Conj/Pois/Air  #.......     28%         3    ###....
d - Blink                 Tloc           N/A          17%         2    ##.....


Dungeon Overview and Level Annotations

Branches:
Dungeon (3/15)

Altars:

Annotations:
D:3 coatel's ghost, amateur OgWn


Innate Abilities, Weirdness & Mutations

You have a pair of small antennae on your head.
You are partially covered in rough black scales (AC +4, Dex -1).
When hurt, damage is shared between your health and your magic reserves.
Your movements are slightly less encumbered by armour (ER -2).


Message History

You now have 69 gold pieces (gained 4).
Found 12 gold pieces.
t - a shiny onyx ring Put on which piece of jewellery? (? for menu, Esc to quit)
t - a +4 ring of evasion (right hand)
You now have 81 gold pieces (gained 12).
u - a bubbling blue potion Drink which item? (? for menu, Esc to quit)
It was a potion of degeneration.
There was something very wrong with that liquid.
You feel weakened.
You feel dopey.
You feel clumsy.
Drink which item? (? for menu, Esc to quit)
It was a potion of curing.
You feel better.
Drink which item? (? for menu, Esc to quit)
It was a potion of beneficial mutation.
You feel less encumbered by your armour.
You feel fantastic!
Are you sure you want to abandon this character and quit the game? (Confirm with "yes".)
Okay, then.
Are you sure you want to abandon this character and quit the game? (Confirm with "yes".)

#...# #.).# #....#
##..###+###.# #.... #
#..........# #.#.##.
#.###..##.## #..... ##.#
#.## # #...#
###..##.#.##.# #...#
.......###...#######...#
..###.#.#.##....@......#
.##(#.................##
(#.##.##.############.#
..##..##...)..........#
)....# ################
#...## #...# ....# .#..#


There were no monsters in sight!

Vanquished Creatures
  A centaur (D:3)
  An adder (D:2)
  4 worms
  A giant gecko (D:1)
  6 orcs
  4 giant cockroaches
  9 goblins
  5 hobgoblins
  2 jackals (D:1)
  3 kobolds
  3 quokkas
  A ball python (D:2)
  5 bats
  2 giant newts
  7 rats
54 creatures vanquished.

Notes
Turn   | Place    | Note
--------------------------------------------------------------
     0 | D:1      | TheOrbIsALie the Demonspawn Wizard began the quest for the Orb.
     0 | D:1      | Reached XP level 1. HP: 13/13 MP: 4/4
   338 | D:1      | Gained mutation: You have a pair of small antennae on your head. [demonic ancestry]
   338 | D:1      | Reached XP level 2. HP: 13/19 MP: 3/6
   941 | D:2      | Reached XP level 3. HP: 24/24 MP: 5/8
  1872 | D:3      | Noticed coatel's ghost (amateur OgWn)
  1883 | D:2      | Learned a level 3 spell: Conjure Flame
  1887 | D:2      | Learned a level 3 spell: Mephitic Cloud
  1890 | D:2      | Learned a level 2 spell: Blink
  1948 | D:3      | Gained mutation: You are partially covered in rough black scales (AC +4, Dex -1). [demonic ancestry]
  1948 | D:3      | Reached XP level 4. HP: 23/30 MP: 2/9
  2479 | D:3      | Noticed a centaur
  2491 | D:3      | Killed a centaur
  2491 | D:3      | Reached skill level 4 in Conjurations
  2491 | D:3      | Gained mutation: When hurt, damage is shared between your health and your magic reserves. [demonic ancestry]
  2491 | D:3      | Reached XP level 5. HP: 31/35 MP: 3/10
  2522 | D:3      | Gained mutation: Your movements are slightly less encumbered by armour (ER -2). [potion of beneficial mutation]
  2523 | D:3      | Quit the game

Vault maps used:
D:1:      dpeg_arrival_more_subterranean_lakeside_camping
D:3:      lemuel_doored_altar, grunt_pakellas_basics, minmay_bisected

Action                   |  1- 3 |  4- 6 || total
-------------------------+-------+-------++-------
Melee: Unarmed           |     4 |       ||     4
       Spear             |    28 |    13 ||    41
 Cast: Magic Dart        |   129 |    22 ||   151
       Mephitic Cloud    |       |     1 ||     1
  Use: Scroll            |     1 |       ||     1
       Potion            |       |     3 ||     3
  Eat: Chunk             |    10 |       ||    10
